 Dungeon Crawl Stone Soup version 0.28.0-43-g3370ac3207 (webtiles) character file.

Game seed: 10319644636161088419

699 mortz the Magician (level 7, -2/46 HPs)
             Began as a Djinni Fire Elementalist on Mar 21, 2022.
             Slain by a hound (4 damage)
             ... on level 5 of the Dungeon.
             The game lasted 00:26:40 (6449 turns).

mortz the Magician (Djinni Fire Elementalist)       Turns: 6449, Time: 00:26:40

Health: -2/46      AC:  5    Str:  7    XL:     7   Next: 97%
Gold:   149        EV: 12    Int: 19    God:
                   SH:  0    Dex: 13

rFire   + + .      SeeInvis .   r - +4 short sword (drain) {short}
rCold   x . .      Faith    .   (no shield)
rNeg    + . .      Spirit   .   f - +0 leather armour
rPois   ∞          Reflect  .   (no helmet)
rElec   .          Harm     .   g - +0 cloak
rCorr   .          Rampage  .   h - +0 pair of gloves
Will    .....                   (boots unavailable)
Stlth   +.........              (no amulet)
HPRegen 0.15/turn               t - ring of positive energy
MPRegen 0.00/turn               (no ring)

@: confused, flying
A: sickness immunity, fire resistance 2, cold vulnerability 1, float, innate
caster, HP casting, extra vitality 1
a: no special abilities


You were on level 5 of the Dungeon.
You visited 1 branch of the dungeon, and saw 5 of its levels.

You collected 149 gold pieces.


Innate Abilities, Weirdness & Mutations

You are immune to sickness and miasma.
You are immune to poison.
Your flesh is very heat resistant. (rF++)
You are vulnerable to cold. (rC-)
You float through the air rather than walking.
You learn spells naturally, not from books.
Your magical power is your life essence.
You have superior vitality. (+4 MHP)


   Skills:
 + Level 0.6 Fighting
 * Level 2.2 Short Blades
 + Level 0.2(1.3) Long Blades
 + Level 0.6 Maces & Flails
 + Level 1.7 Armour
 + Level 3.0 Dodging
 + Level 2.3 Stealth
 + Level 5.5 Spellcasting


You couldn't memorise any spells.
You knew the following spells:

 Your Spells              Type           Power      Damage    Failure   Level
a - Foxfire               Conj/Fire      100%       2x1d9     1%          1
b - Scorch                Fire           52%        2d8       2%          2
c - Conjure Flame         Conj/Fire      26%        6-21      5%          3
d - Inner Flame           Hex/Fire       26%        N/A       5%          3
e - Flame Wave            Conj/Fire      26%        2d7       17%         4
f - Sandblast             Erth           52%        2d12      1%          1
g - Ensorcelled Hibernat  Hex/Ice        52%        N/A       2%          2
h - Blink                 Tloc           52%        N/A       2%          2
Your spell library was empty.

Inventory:

Hand Weapons
 b - a +0 falchion {long}
   (You took it off a gnoll on level 2 of the Dungeon)
 d - a +0 dagger {short}
   (You took it off a goblin on level 1 of the Dungeon)
 n - a +0 short sword of holy wrath {short}
   (You found it on level 2 of the Dungeon)
 o - a +4 quarterstaff of chaos {staff}
   (You took it off Crazy Yiuf on level 2 of the Dungeon)
 r - a +4 short sword of draining (weapon) {short}
   (You took it off a kobold on level 3 of the Dungeon)
 s - a +0 mace {mace}
   (You took it off an orc on level 3 of the Dungeon)
Missiles
 c - 86 stones {throwing}
 k - 8 poisoned darts {throwing}
Armour
 a - a +0 robe
 f - a +0 leather armour (worn)
   (You found it on level 1 of the Dungeon)
 g - a +0 cloak (worn)
   (You took it off Crazy Yiuf on level 2 of the Dungeon)
 h - a +0 pair of gloves (worn)
   (You found it on level 1 of the Dungeon)
 u - a +0 kite shield
   (You found it on level 3 of the Dungeon)
Jewellery
 t - a ring of positive energy (left hand)
   (You found it on level 3 of the Dungeon)
Wands
 j - a wand of digging (6)
   (You found it on level 2 of the Dungeon)
Scrolls
 l - 2 scrolls of vulnerability {unknown}
 q - a scroll of fog {unknown}
 x - a scroll of magic mapping {unknown}
 y - a scroll of summoning {unknown}
Potions
 e - a potion of lignification {unknown}
 i - a potion of brilliance {unknown}
 m - 2 potions of curing {unknown}
 p - a potion of berserk rage {unknown}
 v - a potion of haste {unknown}
 w - a potion of heal wounds {unknown}

Dungeon Overview and Level Annotations

Branches:
Dungeon (5/15)
 Temple: D:4-7

Altars:
Uskayaw

Annotations:
D:2 Terence

#.#.####.###.###.............
.................#######..##.
.............................
..................##.#.#..##.
..................##......#..
...........c......##.#.#..###
.........oooo.)...##......###
..o.......o..o....##.###..#.#
.cZ?.......h@o....##........#
...........Z......##.####....
........................
.............##..###....
.............##..# #....
.............##..# #....
.............##..#####..
.............##...".....
........##.######..


You could see a centaur, a hound, an orc priest, an orc wizard, 5 orcs and a
water moccasin skeleton.


Message History

Your Dodging skill increases to level 3! 😕 HP[-1]
You take 1 damage, and now have 43/46 hp.
Casting: Foxfire (safe; 1% risk of failure)
Press: ? - help, Q - select action, (/) - cycle Dir - look around, f - activate
Okay, then.
You see here a +0 giant spiked club {mace}.
c - 86 stones {throwing} (gained 14) 2 orc wizards come into view.
The orc wizard shouts!
You hear a shout! 😎 HP[+3]
Your hp is fully restored (46).
An orc comes into view. It is wielding a +0 flail.
The orc wizard shouts!
An orc comes into view. It is wielding a +0 hand axe.
The orc wizard gestures at you while chanting.
You easily resist.
The orc shouts!
Casting: Foxfire (safe; 1% risk of failure)
Press: ? - help, Q - select action, (/) - cycle Dir - look around, f - activate You conjure some foxfire!
You hear a shout!
The orc wizard points at you and mumbles some strange words.
You are confused. 😕 HP[-1]
You take 1 damage, and now have 45/46 hp.
The foxfire hits the orc wizard!
The foxfire hits the orc wizard.
A water moccasin skeleton comes into view.
The orc wizard gestures at you while chanting.
The puff of flame hits you. You resist. 😕 HP[-1]
You take 1 damage, and now have 44/46 hp.
A hound comes into view.
The hound barks!
An orc comes into view. It is wielding a +0 mace.
The orc priest shouts!
The orc hits you with a +0 hand axe.
The orc wizard hits you with a +0 dagger. 😕 HP[-6]
You take 6 damage, and now have 38/46 hp.
You feel less confused.
A centaur comes into view.
The orc hits you but does no damage. The orc wizard casts a spell at you.
You easily resist.
Casting: Foxfire (safe; 1% risk of failure)
Confirm with . or Enter, or press ? or * to list all spells.
You blink.
The orc shouts!
The orc wizard gestures at you while chanting.
You are confused.
The orc priest looks encouraged for a moment. 😕 HP[-2]
You take 2 damage, and now have 36/46 hp.
The orc wizard casts a spell.
The orc wizard flickers and vanishes!
Deactivating autopickup; reactivate with Ctrl-A.
The orc wizard points at you and mumbles some strange words.
You are more confused. 😕 HP[+1]
You feel stable enough to blink again.
The orc wizard gestures wildly while chanting.
The orc wizard flickers and vanishes!
The orc priest invokes the aid of Beogh against you.
Beogh smites you! 😮 HP[-9]
You take 9 damage, and now have 28/46 hp.
The orc wizard points at you and mumbles some strange words.
You are more confused.
The orc priest calls down the wrath of Beogh upon you.
You struggle to resist.
The centaur wields a +0 shortbow.
The centaur shoots an arrow.
The arrow closely misses you.
The orc priest looks encouraged for a moment.
The hound barely misses you. The orc barely misses you.
The hound closely misses you. The orc hits you but does no damage.
The centaur shoots an arrow.
The arrow misses you. The hound bites you.
* * * LOW HITPOINT WARNING * * *
The centaur shoots an arrow.
The arrow hits you.
* * * LOW HITPOINT WARNING * * *
😨 HP[-11]
You take 11 damage, and now have 17/46 hp.
MASSIVE DAMAGE!! (PAUSE)
The hound barely misses you. The orc misses you.
Something hits you but does no damage. The hound misses you. 😨 HP[+1]
The hound barely misses you. The orc misses you. Something hits you.
* * * LOW HITPOINT WARNING * * *
The orc hits you but does no damage. 😨 HP[-4]
You take 4 damage, and now have 14/46 hp.
The hound barely misses you. The water moccasin skeleton bites you!
* * * LOW HITPOINT WARNING * * *
The orc closely misses you. Something hits you.
* * * LOW HITPOINT WARNING * * *
Something hits you.
* * * LOW HITPOINT WARNING * * *
The hound bites you.
You die...

Skill      XL: |  1  2  3  4  5  6  7 |
---------------+----------------------+-----
Spellcasting   | 3 4 5 |  5.5
Stealth        | 2 |  2.3
Short Blades   | 1 2 |  2.2
Armour         | 1 |  1.7
Dodging        | 3 |  3.0
Fighting       | |  0.6
Long Blades    | |  0.2
Maces & Flails | |  0.6

Action                   |  1- 3 |  4- 6 |  7- 9 || total
-------------------------+-------+-------+-------++-------
Melee: Club              |     4 |       |       ||     4
       Short sword       |    12 |     7 |     1 ||    20
       Dagger            |     4 |       |       ||     4
       Falchion          |       |     5 |       ||     5
 Cast: Foxfire           |    34 |    60 |    17 ||   111
       Scorch            |       |    25 |    14 ||    39
       Blink             |       |       |     2 ||     2
       Inner Flame       |       |       |     2 ||     2
       Conjure Flame     |       |       |     1 ||     1
Armor: Robe              |     2 |     1 |       ||     3
       Leather armour    |       |     3 |    12 ||    15
Dodge: Dodged            |    11 |    23 |    23 ||    57

Levels and vault maps discovered:
D:1:      lightli_iron_boxes, layout_loops_cross, basic_ecumenical_altar
D:2:      minmay_chambers_of_ones, layout_loops_ring, uniq_crazy_yiuf_cottage,
          uniq_terence, uniq_jessica
D:3:      layout_rooms, mainiacjoe_overflow_tiny_flanked, serial_rivers,
          chequers_serial_rivers_small_a, chequers_serial_rivers_room_a,
          chequers_serial_rivers_micro_b, chequers_serial_rivers_micro_d,
          chequers_serial_rivers_micro_d
D:4:      layout_basic, patterned_corridor
D:5:      layout_basic, grunt_ministairs_5

Notes
Turn   | Place    | Note
-------+----------+-------------------------------------------
     0 | D:1      | mortz the Djinni Fire Elementalist began the quest for the
                  | Orb.
     0 | D:1      | Reached XP level 1. HP: 15/15 MP: 0/0
     0 | D:1      | magus.rc [v1.9.6]
   319 | D:1      | Reached XP level 2. HP: 21/21 MP: 0/0
   373 | D:1      | Found a faded altar of an unknown god.
   697 | D:1      | Reached XP level 3. HP: 15/25 MP: 0/0
   697 | D:1      | Learned a level 1 spell: Sandblast
   875 | D:1      | Reached skill level 3 in Spellcasting
  1156 | D:2      | Noticed Jessica
  1163 | D:2      | Killed Jessica
  1164 | D:2      | Reached XP level 4. HP: 19/31 MP: 0/0
  1449 | D:2      | Noticed Terence
  1668 | D:2      | HP: 7/31 [Terence/+0 falchion (8)]
  2033 | D:2      | Reached skill level 2 in Stealth
  2121 | D:2      | Reached XP level 5. HP: 32/35 MP: 0/0
  2121 | D:2      | Learned a level 2 spell: Ensorcelled Hibernation
  2558 | D:2      | Found a runed translucent door.
  2559 | D:2      | Noticed Crazy Yiuf
  2999 | D:2      | Killed Crazy Yiuf
  3000 | D:2      | Reached skill level 4 in Spellcasting
  3147 | D:3      | Found a hide-covered altar of Uskayaw.
  3496 | D:3      | Reached XP level 6. HP: 33/40 MP: 0/0
  4140 | D:4      | Noticed an ice beast
  4145 | D:4      | Killed an ice beast
  4146 | D:4      | Reached skill level 1 in Short Blades
  5024 | D:4      | Reached XP level 7. HP: 41/46 MP: 0/0
  5024 | D:4      | Learned a level 2 spell: Blink
  5315 | D:4      | magus.rc [v1.9.6]
  5410 | D:5      | Entered Level 5 of the Dungeon
  5490 | D:5      | Reached skill level 1 in Armour
  5490 | D:5      | Reached skill level 5 in Spellcasting
  5931 | D:5      | Reached skill level 2 in Short Blades
  6397 | D:5      | Reached skill level 3 in Dodging
  6449 | D:5      | HP: 7/46 [water moccasin skeleton (7)]
  6449 | D:5      | HP: 2/46 [something (4)]
  6449 | D:5      | Slain by a hound

Vanquished Creatures
  An ice beast (D:4)
  A necrophage (D:5)
  An ogre (D:5)
  A centaur (D:5)
  A water moccasin skeleton (D:4)
  Crazy Yiuf (D:2)
  2 iguanas (D:5)
  Jessica (D:2)
  2 orc wizards
  4 gnolls (D:2)
  4 adders
  2 worms
  8 orcs
  6 bats
  3 endoplasms
  3 giant cockroaches
  10 goblins
  6 hobgoblins
  2 quokkas (D:1)
  4 ball pythons
  A frilled lizard (D:1)
  7 kobolds
  6 rats
77 creatures vanquished.

Vanquished Creatures (others)
  183 foxfires
183 creatures vanquished.

Grand Total: 260 creatures vanquished

Table legend:
 A = Non-vault XP
 B = Vault XP
 C = Vault XP percentage of total XP
 D = Non-vault monster count
 E = Vault monster count
 F = Vault count percentage of total count
                 A         B        C        D         E       F
            +---------+---------+-------+---------+---------+-------
      Total |     897 |     102 |  10.2 |      69 |       8 |  10.4
            +---------+---------+-------+---------+---------+-------
        D:1 |      32 |       0 |   0.0 |      20 |       0 |   0.0
        D:2 |      94 |      88 |  48.4 |      19 |       7 |  26.9
        D:3 |      82 |       0 |   0.0 |      16 |       0 |   0.0
        D:4 |     266 |       0 |   0.0 |       9 |       0 |   0.0
        D:5 |     423 |      14 |   3.2 |       5 |       1 |  16.7
            +---------+---------+-------+---------+---------+-------

Illustrated notes

Table legend:
 A = Kills in this place as a percentage of kills in entire the game.
 B = Kills by you in this place as a percentage of kills by you in the entire game.
 C = Kills by friends in this place as a percentage of kills by friends in the entire game.
 D = Other kills in this place as a percentage of other kills in the entire game.
 E = Experience gained in this place as a percentage of experience gained in the entire game.
 F = Experience gained in this place divided by the number of levels of this place that you have seen.
                   A       B       C       D       E      F
               +-------+-------+-------+-------+-------+----------------------
         Total | 100.0 | 100.0 |   N/A |   N/A | 100.0 | 199.8
       Dungeon | 100.0 | 100.0 |   N/A |   N/A | 100.0 | 199.8
               +-------+-------+-------+-------+-------+----------------------

Table legend: (Time is in decaauts)
 A = Elapsed time spent in this place.
 B = Non-inter-level travel time spent in this place.
 C = Inter-level travel time spent in this place.
 D = Time resting spent in this place.
 E = Time spent auto-exploring this place.
 F = Levels seen in this place.
 G = Mean time per level.
                   A        B        C        D        E       F      G
               +--------+--------+--------+--------+--------+-----+--------+
         Total |   6451 |   6151 |    300 |   1653 |   3675 |   5 | 1290.2 |
       Dungeon |   6451 |   6151 |    300 |   1653 |   3675 |   5 | 1290.2 |
               +--------+--------+--------+--------+--------+-----+--------+

Top non-repeatable levels by time:
     D:4: 1703 daAuts
     D:2: 1670 daAuts
     D:1: 1451 daAuts
     D:5: 844 daAuts
     D:3: 781 daAuts
